 Dungeon Crawl Stone Soup version 0.31.0 (webtiles) character file.

Game seed: 7610810852121084536

86 qw the Shooter (level 4, -5/28 HPs)
             Began as a Gargoyle Hunter on Jan 19, 2024.
             Killed from afar by Grinder (8 damage)
             ... with a puff of flame
             ... on level 3 of the Dungeon.
             The game lasted 00:00:10 (2192 turns).

qw the Shooter (Gargoyle Hunter)                    Turns: 2192, Time: 00:00:10

Health: -5/28      AC:  8    Str: 15    XL:     4   Next: 49%
Magic:  4/4        EV: 11    Int:  9    God:
Gold:   228        SH:  0    Dex: 15    Spells: 3/3 levels left

rFire   . . .        a - +0 shortbow
rCold   . . .        (shield currently unavailable)
rNeg    + . .        f - +0 ring mail
rPois   inf          (no helmet)
rElec   +            (no cloak)
rCorr   .            (no gloves)
SInv    .            (no boots)
Will    .....        (no amulet)
Stlth   +            (no ring)
HPRegen 0.24/turn    (no ring)
MPRegen 0.09/turn

%: no passive effects
@: no status effects
A: sickness immunity, AC +3, negative energy resistance 1, electricity
resistance, torment resistance 1, petrification resistance
a: no special abilities


You were on level 3 of the Dungeon.
You visited 1 branch of the dungeon, and saw 3 of its levels.

You collected 228 gold pieces.


Innate Abilities, Weirdness & Mutations

You are immune to sickness and miasma.
Your stone body is resilient. (AC +3)
You are immune to poison.
You resist negative energy. (rN+)
You are resistant to electric shocks. (rElec)
You are resistant to unholy torment.
You are immune to petrification.


   Skills:
 - Level 3.1 Fighting
 - Level 5.4 Ranged Weapons
 + Level 0.0 Armour
 - Level 1.5 Dodging
 - Level 1.1 Stealth


You had 3 spell levels left.
You didn't know any spells.
Your spell library was empty.

Inventory:

Hand Weapons
 a - a +0 shortbow (weapon)
Armour
 f - a +0 ring mail (worn)
Potions
 d - 2 potions of haste
 e - a potion of enlightenment
 g - a potion of brilliance {unknown}

Dungeon Overview and Level Annotations

Branches:
Dungeon (3/15)

Altars:
Uskayaw

Annotations:
D:3 Grinder


Message History

There is a stone staircase leading down here.
You climb downwards.
Level annotation: Grinder
There is a stone staircase leading up here.
Grinder blinks!
You shoot an arrow. The arrow closely misses Grinder.
You shoot an arrow. The arrow closely misses Grinder.
Grinder gestures at you.
You are unaffected.
You shoot an arrow. The arrow hits Grinder.
Grinder is severely wounded.
You shoot an arrow. The arrow hits Grinder.
Grinder is severely wounded.
Grinder gestures at you. Pain shoots through your body!
You shoot an arrow. The arrow hits Grinder.
Grinder is severely wounded.
Grinder hits you.
You shoot an arrow. The arrow barely misses Grinder.
Grinder zaps a wand.
The puff of flame hits you! Grinder closely misses you.
You shoot an arrow.
The arrow hits Grinder but does no damage.
Grinder is severely wounded.
Grinder completely misses you.
You shoot an arrow. The arrow barely misses Grinder.
Grinder hits you.
You writhe in agony.
You shoot an arrow. The arrow hits Grinder.
Grinder is severely wounded.
Grinder hits you but does no damage.
You shoot an arrow.
The arrow hits Grinder but does no damage.
Grinder is severely wounded.
Grinder gestures at you. Pain shoots through your body!
Grinder hits you but does no damage.
You shoot an arrow. The arrow closely misses Grinder.
Grinder barely misses you.
You shoot an arrow. The arrow barely misses Grinder.
Grinder zaps a wand.
The puff of flame hits you!
You die...
Grinder sighs, "Dead already?
I want a refund."

.# #.##..........#.####.....####
.####.##.##.......#........###
...##.##.##.#...##########.##
............#...# #...#
...###########.## #...#
.#############.### #...#
.##...........[..# #...#
###......)####.#<# ######...#####
# #.......####.#@###...........%.
# #.........##...5...............
###.......#.##.#.###.............
.##.......#.##...# ######...#####
...............### #...#
.#####.[.....#.# #...#
.#####.###.....# #...#
.##......#...#.###### #...#
.##.##.#.......##...##


You could see Grinder.

Vanquished Creatures
  2 adders
  A ribbon worm (D:2)
  An orc (D:3)
  3 bats
  3 endoplasms
  3 giant cockroaches
  6 goblins
  8 hobgoblins
  5 jackals
  4 kobolds
  2 quokkas
  10 ball pythons
  2 frilled lizards (D:2)
  7 rats
57 creatures vanquished.

Notes
Turn   | Place    | Note
-------+----------+-------------------------------------------
     0 | D:1      | qw the Gargoyle Hunter began the quest for the Orb.
     0 | D:1      | Reached XP level 1. HP: 12/12 MP: 1/1
     0 | D:1      | 0 ||| qw: Version: 0.3-a-132-g3d54051
     0 | D:1      | 0 ||| qw: Game counter: 277
     0 | D:1      | 0 ||| qw: Melee chars always use a shield: true
     0 | D:1      | 0 ||| qw: God list: Okawaru
     0 | D:1      | 0 ||| qw: Allow faded altars: false
     0 | D:1      | 0 ||| qw: Do Orc after clearing Dungeon:15 true
     0 | D:1      | 0 ||| qw: Do second Lair branch before Depths: true
     0 | D:1      | 0 ||| qw: Lair rune preference: random
     0 | D:1      | 0 ||| qw: Goals: Normal
     0 | D:1      | 0 ||| PLANNING D:1-11
   168 | D:1      | Reached XP level 2. HP: 17/17 MP: 2/2
   447 | D:1      | Reached XP level 3. HP: 21/21 MP: 3/3
   653 | D:1      | Reached skill level 5 in Ranged Weapons
   706 | D:1      | 706 ||| READING scroll labelled SUHINERR TOAMU.
   706 | D:1      | 706 ||| IDENTIFYING brown potion
   707 | D:1      | 707 ||| READING scroll labelled MUGAPT JUTT.
   708 | D:1      | 708 ||| READING scroll labelled YGHAOL LAWK.
   809 | D:1      | 809 ||| DROPPING scroll of butterflies.
  1104 | D:2      | Reached skill level 3 in Fighting
  1107 | D:2      | Reached XP level 4. HP: 26/28 MP: 4/4
  1145 | D:2      | Found a hide-covered altar of Uskayaw.
  1379 | D:2      | 1379 ||| READING scroll of identify.
  1379 | D:2      | 1379 ||| IDENTIFYING smoky purple potion
  1380 | D:2      | 1380 ||| READING 2 scrolls labelled DACESM GEMNE.
  1381 | D:2      | 1381 ||| READING scroll labelled YXTELU SAQAOD.
  1382 | D:2      | 1382 ||| READING scroll labelled VAKKEI SYOS.
  1383 | D:2      | 1383 ||| READING scroll labelled CYUMUL GURA.
  1384 | D:2      | 1384 ||| FLEEEEING.
  1401 | D:2      | 1401 ||| READING scroll labelled DULIOCK UKIUSU.
  1401 | D:2      | 1401 ||| ENCHANTING +0 shortbow.
  1402 | D:2      | 1402 ||| DRINKING 2 grey potions.
  1403 | D:2      | 1403 ||| DRINKING 2 puce potions.
  1439 | D:2      | 1439 ||| DROPPING scroll of poison.
  1440 | D:2      | 1440 ||| DROPPING potion of lignification.
  1813 | D:3      | Noticed Grinder
  1821 | D:3      | 1821 ||| FLEEEEING.
  1827 | D:3      | 1827 ||| FLEEEEING.
  1828 | D:3      | 1828 ||| FLEEEEING.
  1829 | D:3      | 1829 ||| FLEEEEING.
  1830 | D:3      | 1830 ||| FLEEEEING.
  1831 | D:3      | 1831 ||| FLEEEEING.
  1845 | D:3      | 1845 ||| FLEEEEING.
  1846 | D:3      | 1846 ||| STAIRDANCE
  1862 | D:2      | 1862 ||| UPGRADING to +0 ring mail.
  1872 | D:2      | 1872 ||| DROPPING +0 leather armour.
  1873 | D:2      | 1873 ||| DROPPING ring of magical power.
  1874 | D:2      | 1874 ||| READING scroll labelled OKHLIB KIQUNN.
  1975 | D:2      | 1975 ||| READING scroll labelled PITEGGEWUW.
  1996 | D:3      | Paralysed by Grinder for 5 turns
  2001 | D:3      | 2001 ||| FLEEEEING.
  2002 | D:3      | 2002 ||| FLEEEEING.
  2003 | D:3      | 2003 ||| FLEEEEING.
  2004 | D:3      | 2004 ||| FLEEEEING.
  2005 | D:3      | 2005 ||| STAIRDANCE
  2094 | D:3      | HP: 4/28 [Grinder/nerve-wracking pain (5)]
  2094 | D:3      | HP: 1/28 [Grinder/puff of flame (3)]
  2095 | D:3      | 2095 ||| DRINKING potion of heal wounds.
  2098 | D:3      | 2098 ||| FLEEEEING.
  2099 | D:3      | 2099 ||| STAIRDANCE
  2158 | D:3      | 2158 ||| FLEEEEING.
  2159 | D:3      | 2159 ||| FLEEEEING.
  2160 | D:3      | 2160 ||| STAIRDANCE
  2188 | D:3      | HP: 5/28 [Grinder (3)]
  2190 | D:3      | HP: 2/28 [Grinder/nerve-wracking pain (3)]
  2192 | D:3      | Killed from afar by Grinder

Levels and vault maps discovered:
D:1:      wander_arrival_desolate, layout_loops_ring
D:2:      layout_loops_ring, basic_altar, nicolae_kite_square_tiling_tiny,
          minmay_shallow_snake_nest
D:3:      layout_loops_cross, uniq_grinder

Skill      XL: |  1  2  3 |
---------------+----------+-----
Ranged Weapons | 5 |  5.4
Fighting       | 3 |  3.1
Dodging        | |  1.5
Stealth        | |  1.1

Action                     |  1- 3 |  4- 6 || total
---------------------------+-------+-------++-------
   Fire: Shortbow          |   101 |   102 ||   203
    Use: Scroll            |     3 |     8 ||    11
         Potion            |       |     3 ||     3
 Armour: Leather armour    |    22 |    18 ||    40
         Ring mail         |       |    15 ||    15
  Dodge: Dodged            |    36 |    36 ||    72

Table legend:
 A = Non-vault XP
 B = Vault XP
 C = Vault XP percentage of total XP
 D = Non-vault monster count
 E = Vault monster count
 F = Vault count percentage of total count
                 A         B        C        D         E       F
            +---------+---------+-------+---------+---------+-------
      Total |     102 |      21 |  17.1 |      50 |       7 |  12.3
            +---------+---------+-------+---------+---------+-------
        D:1 |      40 |       0 |   0.0 |      22 |       0 |   0.0
        D:2 |      29 |      21 |  42.0 |      16 |       7 |  30.4
        D:3 |      33 |       0 |   0.0 |      12 |       0 |   0.0
            +---------+---------+-------+---------+---------+-------
